 Dungeon Crawl Stone Soup version 0.32-a0-913-g739538afd8 (webtiles) character file.

Game seed: 18162434228783179091

2069 Shym the Grappler (level 9, 0/81 HPs)
             Began as a Ghoul Reaver on Apr 9, 2024.
             Was a Follower of Kikubaaqudgha.
             Slain by Maggie the centaur
             ... wielding a +1 scimitar of flaming
              (10 damage)
             ... on level 7 of the Dungeon.
             The game lasted 00:19:43 (7416 turns).

Shym the Grappler (Ghoul Reaver)                    Turns: 7416, Time: 00:19:43

Health: 0/81       AC:  9    Str: 26    XL:     9   Next: 26%
Magic:  11/11      EV:  8    Int: 14    God:    Kikubaaqudgha [*.....]
Gold:   405        SH:  0    Dex:  7    Spells: 10/11 levels left

rFire   . .          .
                       - Unarmed
rCold   + . .        (no shield)
rNeg    + + +        x - +0 chain mail of Fudutos {rCorr Str+6 Int+2}
rPois   ∞            u - +0 helmet
rElec   .            (no cloak)
rCorr   +            (no gloves)
SInv    .            (no boots)
Will    .....        F - amulet of regeneration Stlth
                     (no ring)
HPRegen 0.00/turn    (no ring)
MPRegen 0.12/turn

%: no passive effects
@: inhibited regen
A: claws 1, cold resistance 1, negative energy resistance 3, inhibited
regeneration, torment resistance 2, devour on kill
a: Renounce Religion, Unearth Wretches


You were on level 7 of the Dungeon.
You worshipped Kikubaaqudgha.
Kikubaaqudgha was aware of your devotion.
You visited 2 branches of the dungeon, and saw 8 of its levels.

You collected 461 gold pieces.
You spent 56 gold pieces at shops.

Inventory:

Hand Weapons
 l - a +0 dagger of speed
 t - the +4 hand axe "Xurifac" {flame, Int+2 Dex+2}
   (You found it on level 2 of the Dungeon)

   Int+2:     It affects your intelligence (+2).
   Dex+2:     It affects your dexterity (+2).
Missiles
 z - 9 poisoned darts (quivered)
 C - 6 boomerangs
Armour
 u - a +0 helmet (worn)
 v - a +1 scale mail of cold resistance
 x - the +0 chain mail of Fudutos (worn) {rCorr Str+6 Int+2}
   (You acquired it on level 3 of the Dungeon)

   Str+6:     It affects your strength (+6).
   Int+2:     It affects your intelligence (+2).
   rCorr:     It protects you from acid and corrosion.
Magical Staves
 a - the staff "Dickag" {rF+++ rC- rN+ Summ Necro Ice}
   (You acquired it on level 3 of the Dungeon)

   [staff of death]

   Base accuracy: +5 Base damage: 5 Base attack delay: 1.2 This weapon's minimum
   attack delay (0.6) is reached at skill level 12.
   rF+++:     It renders you almost immune to fire.
   rC-:       It makes you vulnerable to cold.
   rN+:       It protects you from negative energy.
   Summ:      It increases the power of your Summonings spells.
   Necro:     It increases the power of your Necromancy spells.
   Ice:       It increases the power of your Ice spells.
   It falls into the 'Staves' category.
   It is a one-clawed weapon.
 f - a staff of air
 p - a staff of death
Jewellery
 c - a ring of fire
 E - a ring of ice
 F - an amulet of regeneration (around neck)
Wands
 b - a wand of flame (11)
 w - a wand of iceblast (8)
 A - a wand of polymorph (7)
 D - a wand of quicksilver (11)
Scrolls
 g - a scroll of revelation
 h - 2 scrolls of vulnerability
 i - a scroll of fog {unknown}
 r - 3 scrolls of enchant weapon
 B - a scroll of noise {unknown}
 G - a scroll of teleportation {unknown}
 H - 3 scrolls of identify
Potions
 d - a potion of resistance {unknown}
 e - 2 potions of brilliance
 j - 2 potions of heal wounds
 k - 2 potions of invisibility {unknown}
 m - 2 potions of ambrosia {unknown}
 n - a potion of might {unknown}
 q - 4 potions of curing {unknown}
 s - 2 potions of mutation {unknown}


   Skills:
 - Level 8.0 Fighting
 - Level 2.0 Armour
 - Level 2.0 Dodging
 - Level 2.0 Stealth
 + Level 10.4 Unarmed Combat
 - Level 1.7 Spellcasting
 - Level 2.4 Conjurations


You had 10 spell levels left.
You knew the following spells:

 Your Spells              Type           Power      Damage    Failure   Level
a - Kiss of Death         Conj/Necr      16%        2d6       63%         1

Your spell library contained the following spells:

 Spells                   Type           Power      Damage    Failure   Level
 Momentum Strike          Conj/Tloc      8%         3d8       77%         2
 Freeze                   Ice            4%         1d3       78%         1
 Necrotise                Necr           4%         1d4       78%         1
 Hailstorm                Conj/Ice       4%         3d5       94%         3
 Frozen Ramparts          Ice            2%         1d1       98%         3
 Vampiric Draining        Necr           1%         2d6       98%         3
 Animate Dead             Necr           1%         N/A       100%        4


Dungeon Overview and Level Annotations

Branches:
Dungeon (7/15)             Temple (1/1) D:5

Altars:
Cheibriados
Fedhas
Gozag
Kikubaaqudgha
Makhleb
Nemelex Xobeh
Qazlal
Ru
Sif Muna
Trog
Vehumet
Wu Jian
Yredelemnul

Shops:
D:2 (   D:3 *

Annotations:
D:4 3 runed translucent doors, Lanoc's ghost, amateur CoHu
D:7 Maggie


Innate Abilities, Weirdness & Mutations

You are immune to poison.
You have sharp fingernails.
Your flesh is cold resistant. (rC+)
You are immune to negative energy. (rN+++)
You do not regenerate when monsters are visible.
You are immune to unholy pain and torment.
You thrive by killing the living.


Message History

You are now empty-clawed.
Maggie hits you with a +1 scimitar of flaming!
Slow down, check inventory and god!
* * * LOW HITPOINT WARNING * * *
Maggie burns you.
Slow down, check inventory and god!
* * * LOW HITPOINT WARNING * * *
Maggie barely misses you.
The wight hits you from afar with a +0 halberd.
Slow down, check inventory and god!
* * * LOW HITPOINT WARNING * * *
You barely miss Maggie. Maggie closely misses you. Maggie kicks you.
Slow down, check inventory and god!
* * * LOW HITPOINT WARNING * * *
Unknown command.
Maggie hits you with a +1 scimitar of flaming.
Slow down, check inventory and god!
* * * LOW HITPOINT WARNING * * *
Maggie burns you.
Slow down, check inventory and god!
* * * LOW HITPOINT WARNING * * *
Maggie kicks you but does no damage. The wight barely misses you.
Maggie barely misses you. Maggie kicks you but does no damage.
The wight hits you from afar with a +0 halberd.
Slow down, check inventory and god!
* * * LOW HITPOINT WARNING * * *
Maggie hits you with a +1 scimitar of flaming.
Slow down, check inventory and god!
* * * LOW HITPOINT WARNING * * *
Maggie burns you.
Slow down, check inventory and god!
* * * LOW HITPOINT WARNING * * *
Maggie barely misses you.
Blink to where?
Press: ? - help, Dir - move target, p - Maggie
As you read the scroll of blinking, it crumbles to dust.
Maggie mumbles the words to a spell, but in the wrong order.
Maggie says, "Leave now, and tell all of Maggie's mercy!"
Unknown command.
Maggie says, "Fear not.
I will immortalise you in the tale of my first kill."
Maggie hits you with a +1 scimitar of flaming!
You die...
Kikubaaqudgha rasps: You have failed me!
Welcome... oblivion!

......#.# #....#≈≈≈~#)#~≈≈≈#..
......#.######....##≈≈~ß.ß~≈≈##..
....).'............##≈≈...≈≈##...
......#..z..........####.####....
...####.#######z##### #...#....<.
...c.c..# #..# ##ß.ß#######
..z####.# #..# #.#.#.###... ...#
#.# #.c# #.#.)..##.## cz.#
#.#######.@#####.####..#.##
.#####...........................
.....+....#####.###....#####.#.#.
.#####.... #.# ###..## #.#.#. .#
... #.#####...####.#.#. .#
#.............<#.#. ##
########.###.#.#.#. #.# #.#.#.#.
#.# #.#...#.


You could see Maggie the centaur and a wight.

Vanquished Creatures
  Edmund (D:5)
  An orc warrior (D:7)
  3 ice beasts
  A centaur (D:6)
  3 ogres
  3 phantoms
  Blork the orc (D:4)
  A scorpion (D:5)
  A wight (D:7)
  4 orc priests
  3 hounds
  Ijyb (D:3)
  2 sleepcaps
  Jessica (D:3)
  5 iguanas
  Terence (D:3)
  9 orc wizards
  Robin (D:2)
  A gnoll (D:1)
  4 adders
  A shadow imp (D:7)
  2 ufetubi (D:5)
  4 ribbon worms
  2 dart slugs
  20 orcs
  6 endoplasms
  4 giant cockroaches
  13 hobgoblins
  2 quokkas (D:2)
  2 training dummies (D:4)
  8 ball pythons
  7 bats
  2 frilled lizards
  13 goblins
  2 kobolds (D:1)
  4 rats
139 creatures vanquished.

Vanquished Creatures (others)
  An orc priest (D:3)
  An orc (D:3)
2 creatures vanquished.

Grand Total: 141 creatures vanquished

Notes
Turn   | Place    | Note
-------+----------+-------------------------------------------
     0 | D:1      | Shym the Ghoul Reaver began the quest for the Orb.
     0 | D:1      | Reached XP level 1. HP: 17/17 MP: 3/3
   139 | D:1      | Reached XP level 2. HP: 23/25 MP: 4/4
   558 | D:1      | Reached XP level 3. HP: 29/31 MP: 5/5
   666 | D:1      | Reached skill level 4 in Unarmed Combat
  1390 | D:2      | Found Biafur's Weapon Emporium.
  1632 | D:2      | Noticed Robin
  1643 | D:2      | Killed Robin
  1644 | D:2      | Reached XP level 4. HP: 37/40 MP: 6/6
  1921 | D:2      | Identified the +4 hand axe "Xurifac" {flame, Int+2 Dex+2}
  2258 | D:3      | Identified 2 scrolls of acquirement
  2397 | D:3      | Noticed Terence
  2399 | D:3      | Noticed Ijyb
  2411 | D:3      | Killed Terence
  2412 | D:3      | Reached XP level 5. HP: 41/46 MP: 7/7
  2432 | D:3      | Killed Ijyb
  2433 | D:3      | Reached skill level 5 in Unarmed Combat
  2598 | D:3      | Found Naxiem's General Store.
  2934 | D:3      | Reached skill level 5 in Fighting
  2934 | D:3      | Reached XP level 6. HP: 56/56 MP: 8/8
  3068 | D:3      | Noticed Jessica
  3075 | D:3      | Killed Jessica
  3328 | D:3      | Bought a scroll of poison for 56 gold pieces
  3333 | D:3      | Acquired the +0 chain mail of Fudutos {rCorr Str+6 Int+2}
  3349 | D:3      | Acquired the staff "Dickag" {rF+++ rC- rN+ Summ Necro Ice}
  3405 | D:4      | Reached skill level 6 in Unarmed Combat
  3721 | D:4      | Found a runed translucent gate.
  3722 | D:4      | Found a runed translucent gate.
  3778 | D:4      | Noticed Lanoc's ghost (amateur CoHu)
  3779 | D:4      | Found a runed translucent gate.
  3824 | D:4      | Reached XP level 7. HP: 52/63 MP: 9/9
  3877 | D:4      | Found a radiant altar of Vehumet.
  3884 | D:4      | Reached skill level 1 in Armour
  3890 | D:4      | Noticed Blork the orc
  3904 | D:4      | Killed Blork the orc
  4108 | D:4      | Found a snail-covered altar of Cheibriados.
  4109 | D:4      | Found an ornate altar of the Wu Jian Council.
  4384 | D:5      | Entered Level 5 of the Dungeon
  4426 | D:5      | Found a staircase to the Ecumenical Temple.
  4470 | Temple   | Entered the Ecumenical Temple
  4504 | Temple   | Became a worshipper of Kikubaaqudgha
  4574 | D:5      | Reached skill level 7 in Unarmed Combat
  4735 | D:5      | Noticed Edmund
  4897 | D:5      | Reached XP level 8. HP: 70/70 MP: 10/10
  4995 | D:5      | Reached skill level 8 in Unarmed Combat
  5230 | D:5      | Killed Edmund
  5766 | D:6      | Reached skill level 9 in Unarmed Combat
  6183 | D:6      | Reached skill level 10 in Unarmed Combat
  6403 | D:6      | Reached * piety under Kikubaaqudgha
  6403 | D:6      | Received a gift from Kikubaaqudgha
  6679 | D:6      | Reached XP level 9. HP: 73/79 MP: 11/11
  7160 | D:7      | Found a shimmering blue altar of Sif Muna.
  7370 | D:7      | Noticed Maggie
  7386 | D:7      | Maggie changed into Maggie the centaur
  7386 | D:7      | Noticed Maggie
  7416 | D:7      | Slain by Maggie the centaur

Illustrated notes

Levels and vault maps discovered:
D:1:      dpeg_arrival_subterranean_lakeside_camping, layout_basic,
          nicolae_hexahallways, minivault_14
D:2:      layout_loops_ring, serial_shops, nicolae_shop_bloodbath_and_beyond,
          uniq_robin
D:3:      layout_loops_cross, serial_shops, shop, uniq_terence, uniq_ijyb,
          uniq_jessica
D:4:      dreamdust_elfheim, layout_basic, vehumet_altar_wand_db,
          gammafunk_temple_overflow_statue, ebering_ghost_rock_garden,
          uniq_blork_the_orc
D:5:      layout_loops_corners, kennysheep_mini_moat,
          minmay_temple_entry_statues_fountains, uniq_edmund
D:6:      layout_basic, kennysheep_pointless_box
D:7:      layout_basic, evilmike_ruin_ashenzari, nicolae_uskayaw_suspiria,
          kennysheep_orc_sif_temple, uniq_maggie
Temple:   jpeg_temple_alley_garden

Skill      XL: |  1  2  3  4  5  6  7  8  9 |
---------------+----------------------------+-----
Fighting       | 3 4 5 6 7 8 |  8.0
Unarmed Combat | 4 5 6 7 10 | 10.4
Dodging        | 2 |  2.0
Armour         | 2 |  2.0
Stealth        | 2 |  2.0
Spellcasting   | |  1.7
Conjurations   | |  2.4

Action                     |  1- 3 |  4- 6 |  7- 9 || total
---------------------------+-------+-------+-------++-------
  Melee: Unarmed           |   106 |   146 |   227 ||   479
         Punch             |     4 |     3 |    10 ||    17
         Staff             |       |       |     2 ||     2
  Throw: Dart              |       |       |     2 ||     2
  Evoke: Wand              |       |       |     1 ||     1
    Use: Scroll            |       |     6 |     5 ||    11
         Potion            |       |       |     1 ||     1
 Armour: Leather armour    |    56 |       |       ||    56
         Ring mail         |    25 |    15 |       ||    40
         Scale mail        |       |    35 |       ||    35
         Chain mail        |       |    28 |   167 ||   195
  Dodge: Dodged            |    56 |    63 |    78 ||   197

Table legend: (Time is in decaauts)
 A = Elapsed time spent in this place.
 B = Non-inter-level travel time spent in this place.
 C = Inter-level travel time spent in this place.
 D = Time resting spent in this place.
 E = Time spent auto-exploring this place.
 F = Levels seen in this place.
 G = Mean time per level.
                   A        B        C        D        E       F      G
               +--------+--------+--------+--------+--------+-----+--------+
         Total |   7364 |   7040 |    324 |   1832 |   3802 |   8 |  920.5 |
       Dungeon |   7291 |   6967 |    324 |   1832 |   3802 |   7 | 1041.6 |
        Temple |     72 |     72 |      0 |      0 |      0 |   1 |   72.0 |
               +--------+--------+--------+--------+--------+-----+--------+

Top non-repeatable levels by time:
     D:1: 1326 daAuts
     D:5: 1274 daAuts
     D:6: 1257 daAuts
     D:3: 1134 daAuts
     D:4: 998 daAuts
     D:2: 918 daAuts
     D:7: 382 daAuts
  Temple: 72 daAuts
